details: 'Replay_2009_04_22_2324'

« prev index next »

General information

Mini Map

Players

team 1
Random» HumanRush[yyz] (blue | 102 APM | 4643 actions | 45:32)
Hero icon 7 Archmage
Ability icon 3 Summon Water Elemental
Ability icon 3 Brilliance Aura
Ability icon 1 Mass Teleport
Hero icon 6 Mountain King
Ability icon 3 Storm Bolt
Ability icon 2 Thunder Clap
Ability icon 1 Avatar
Hero icon 6 Paladin
Ability icon 3 Holy Light
Ability icon 1 Divine Shield
Ability icon 1 Devotion Aura
Ability icon 1 Resurrection

» actions
Assign group hotkey113
Basic commands327
Build / train181
Enter build submenu61
Enter hero's abilities submenu20
Give item / drop item2
Remove unit from queue7
Right click1591
Select / deselect630
Select group hotkey1462
Use ability249
4643 total
» units
Peasant28
Footman9
Dragonhawk Rider7
Gryphon Rider10
Flying Machine17
Siege Engine2
Goblin Zeppelin1
Goblin Shredder1
75 total
» upgrades
Masonry3
Defend1
Lumber Harvesting2
Storm Hammers1
Cloud1
Swords3
Armor2
Flak Cannons1
Gunpowder3
Flying Machine Bombs1
Barrage1
Plating2
21 total
» buildings
Barracks1
Altar of Kings1
Farm20
Scout Tower31
Arcane Tower1
Lumber Mill1
Town Hall6
Guard Tower19
Keep2
Arcane Vault1
Gryphon Aviary3
Castle1
Blacksmith1
Workshop3
91 total
» build order
00:08 Barracks
00:20 Altar of Kings
00:35 Farm
00:50 Farm
01:44 Farm
01:54 Scout Tower
02:46 Arcane Tower
03:17 Lumber Mill
03:40 Town Hall
03:44 Scout Tower
04:12 Farm
04:27 Guard Tower
04:29 Scout Tower
04:52 Scout Tower
04:54 Scout Tower
04:57 Scout Tower
05:00 Scout Tower
05:02 Guard Tower
05:05 Scout Tower
05:36 Guard Tower
05:38 Farm
05:40 Scout Tower
05:44 Guard Tower
05:52 Guard Tower
06:03 Scout Tower
06:07 Scout Tower
06:19 Scout Tower
06:21 Scout Tower
06:34 Guard Tower
06:36 Guard Tower
06:43 Scout Tower
06:56 Guard Tower
08:13 Keep
08:34 Guard Tower
08:36 Guard Tower
08:38 Guard Tower
08:41 Arcane Vault
09:42 Scout Tower
09:44 Scout Tower
10:50 Gryphon Aviary
10:52 Gryphon Aviary
11:32 Town Hall
11:57 Gryphon Aviary
12:04 Castle
12:07 Farm
12:08 Farm
12:09 Farm
12:15 Scout Tower
12:17 Scout Tower
12:20 Scout Tower
12:21 Scout Tower
12:22 Scout Tower
12:23 Scout Tower
12:24 Scout Tower
12:25 Scout Tower
12:26 Scout Tower
12:28 Scout Tower
12:29 Scout Tower
12:30 Scout Tower
12:48 Guard Tower
13:20 Guard Tower
13:48 Guard Tower
14:08 Scout Tower
14:13 Scout Tower
14:16 Scout Tower
14:36 Guard Tower
15:04 Guard Tower
15:29 Blacksmith
16:00 Farm
16:01 Farm
16:07 Farm
18:30 Workshop
18:32 Workshop
18:33 Workshop
20:26 Guard Tower
23:40 Town Hall
28:00 Town Hall
28:43 Guard Tower
28:57 Guard Tower
33:09 Farm
33:31 Farm
36:19 Farm
36:23 Farm
36:25 Farm
36:49 Farm
37:20 Town Hall
37:33 Farm
39:36 Farm
41:23 Town Hall
43:17 Farm
» items
Scroll of Regeneration5
Lesser Clarity Potion2
Scroll of Town Portal5
Orb of Fire1
Potion of Healing4
Potion of Mana1
Ivory Tower3
Potion of Lesser Invulnerability2
Scroll of Healing2
Scroll of Protection2
27 total
team 2
Random» UndeadRyee (orange | 76 APM | 3476 actions | 45:30)
Hero icon 8 Crypt Lord
Ability icon 3 Carrion Beetles
Ability icon 2 Impale
Ability icon 1 Locust Swarm
Ability icon 2 Spiked Carapace
Hero icon 4 Death Knight
Ability icon 2 Death Coil
Ability icon 2 Unholy Aura
Hero icon 4 Dreadlord
Ability icon 2 Sleep
Ability icon 2 Vampiric Aura

» actions
Basic commands72
Build / train190
Enter build submenu50
Enter hero's abilities submenu16
Give item / drop item20
Right click1872
Select / deselect1067
Use ability189
3476 total
» units
Acolyte33
Ghoul8
Crypt Fiend21
Obsidian Statue7
Goblin Shredder1
Abomination4
Meatwagon1
Goblin Sapper2
Goblin Zeppelin1
78 total
» upgrades
Creature Attack3
Creature Carapace2
Destroyer Form1
Web1
Burrow1
Disease Cloud1
Unholy Armor1
Unholy Strength1
11 total
» buildings
Crypt1
Ziggurat21
Graveyard1
Altar of Darkness1
Tomb of Relics2
Nerubian Tower3
Spirit Tower7
Necropolis9
Halls of the Dead4
Black Citadel1
Slaughterhouse2
Sacrificial Pit1
53 total
» build order
00:09 Crypt
00:12 Ziggurat
00:43 Graveyard
01:00 Altar of Darkness
01:47 Ziggurat
01:54 Tomb of Relics
02:05 Nerubian Tower
02:05 Nerubian Tower
02:06 Nerubian Tower
03:32 Ziggurat
04:14 Spirit Tower
05:37 Ziggurat
05:40 Tomb of Relics
06:15 Ziggurat
06:31 Spirit Tower
07:11 Spirit Tower
08:42 Ziggurat
08:46 Necropolis
09:09 Halls of the Dead
09:09 Halls of the Dead
09:10 Halls of the Dead
09:46 Spirit Tower
10:27 Spirit Tower
10:30 Ziggurat
12:02 Black Citadel
12:04 Slaughterhouse
12:06 Slaughterhouse
12:15 Sacrificial Pit
12:28 Necropolis
14:06 Necropolis
27:59 Ziggurat
29:59 Necropolis
30:46 Necropolis
35:52 Necropolis
35:56 Necropolis
36:23 Necropolis
36:49 Necropolis
36:51 Ziggurat
36:55 Ziggurat
36:58 Ziggurat
37:05 Ziggurat
37:26 Ziggurat
37:35 Ziggurat
38:27 Spirit Tower
38:28 Spirit Tower
42:07 Ziggurat
42:34 Ziggurat
42:39 Ziggurat
43:26 Ziggurat
44:20 Ziggurat
44:24 Ziggurat
45:18 Ziggurat
» items
Sacrificial Skull3
Potion of Lesser Invulnerability4
Scroll of Healing12
Scroll of Protection2
Periapt of Vitality1
Potion of Mana3
Potion of Healing12
Scroll of Town Portal9
Staff of Teleportation4
Circlet of Nobility3
53 total